 Dungeon Crawl Stone Soup version 0.17-a0-2118-g63bad21 (webtiles) character file.

244 4thArraOfDagon the Insei (level 6, -1/57 HPs)
             Began as a Naga Monk on Oct 20, 2015.
             Slain by a worker ant (6 damage)
             ... on level 6 of the Dungeon.
             The game lasted 00:04:06 (653 turns).

4thArraOfDagon the Insei (Naga Monk)                 Turns: 653, Time: 00:04:06

Health: -1/57      AC:  6    Str: 13    XL:     6   Next: 10%
Magic:  6/6        EV:  4    Int: 12    God:
Gold:   3          SH:  0    Dex: 14    Spells: 0 memorised, 5 levels left

rFire  . . .     SeeInvis +     a - +0 glaive
rCold  . . .     Clarity  .     c - +0 chain mail
rNeg   . . .     SustAt   .     (no shield)
rPois  +         Gourm    .     (no helmet)
rElec  .         Spirit   .     (no cloak)
rCorr  .         Warding  .     (no gloves)
rMut   .         Stasis   .     (no barding)
MR     .....                    (no amulet)
Stlth  ..........               (no ring)
                                (no ring)

@: very slow, not resistant to hostile enchantments, extremely unstealthy
A: see invisible, deformed body, poison resistance, slowness 2, slow metabolism
1, spit poison 2, AC +2
a: Spit Poison


You were on level 6 of the Dungeon.
You were hungry.

You visited 1 branch of the dungeon, and saw 5 of its levels.

You collected 3 gold pieces.

Inventory:

Hand Weapons
 a - a +0 glaive (weapon)
Missiles
 e - 5 tomahawks of returning (quivered)
Armour
 c - a +0 chain mail (worn)
Wands
 f - a wand of frost (0)
Comestibles
 b - 4 bread rations
 h - 2 chunks of flesh


   Skills:
 + Level 4.2 Fighting
 + Level 3.4 Dodging
 - Level 3.0 Stealth
 * Level 5.7 Unarmed Combat


You had 5 spell levels left.
You didn't know any spells.

Dungeon Overview and Level Annotations

Branches:
Dungeon (6/15)
 Temple: D:4-7

Altars:
Gozag
Qazlal
Sif Muna
Vehumet


Innate Abilities, Weirdness & Mutations

You cannot wear boots.
Your serpentine skin is tough (AC +2).
You have supernaturally acute eyesight.
Armour fits poorly on your strangely shaped body.
Your system is resistant to poisons.
You cover ground very slowly.
You have a slow metabolism.
You can spit poison.


Message History

You swing at nothing.
The worker ant bites you but does no damage.
The worker ant bites you.
* * * LOW HITPOINT WARNING * * *
You swing at nothing.
The worker ant bites you but does no damage. x2
You swing at nothing.
The worker ant barely misses you. The worker ant barely misses you.
You swing at nothing.
The worker ant completely misses you. The worker ant bites you.
* * * LOW HITPOINT WARNING * * *
You swing at nothing.
The worker ant bites you but does no damage.
The worker ant bites you.
* * * LOW HITPOINT WARNING * * *
You swing at nothing.
The worker ant barely misses you. The worker ant bites you.
* * * LOW HITPOINT WARNING * * *
You swing at nothing.
The worker ant bites you.
You die...

#.#.#.#..##
##.......##
##).#.#.#.##
####..........# .
.......#.#.#..# ..
..............##...
##.................
#.........a.......
#.........@.....#
..#....##.†.....##
.....## ###....##
.#..# #...## #..
#...# ## #.....
#...### ....# ...##


You could see a worker ant.

Vanquished Creatures
  Blork the orc (D:6)
  A scorpion (D:4)
  A hound (D:6)
  A centaur zombie (D:6)
  A worker ant (D:6)
  2 adders
  A giant gecko (D:6)
  3 orcs (D:5)
  A ball python (D:4)
  A giant cockroach (D:6)
  2 jackals (D:5)
  2 quokkas
  A giant gecko skeleton (D:6)
  A kobold (D:2)
  A rat (D:1)
20 creatures vanquished.

Notes
Turn   | Place    | Note
--------------------------------------------------------------
     0 | D:1      | 4thArraOfDagon the Naga Monk began the quest for the Orb.
     0 | D:1      | Reached XP level 1. HP: 21/21 MP: 1/1
    32 | D:2      | Reached XP level 2. HP: 28/28 MP: 2/2
    62 | D:2      | You fall through a shaft for 2 floors!
    71 | D:4      | Noticed a phantom
    78 | D:4      | RIP
    78 | D:4      | Noticed a scorpion
    96 | D:4      | Killed a scorpion
    96 | D:4      | Reached XP level 3. HP: 17/34 MP: 3/3
    96 | D:4      | Reached XP level 4. HP: 21/43 MP: 4/4
   162 | D:5      | Entered Level 5 of the Dungeon
   295 | D:5      | Found a stormy altar of Qazlal.
   335 | D:5      | Found a deep blue altar of Sif Muna.
   464 | D:6      | Reached skill level 5 in Unarmed Combat
   503 | D:6      | Noticed Blork the orc
   508 | D:6      | Killed Blork the orc
   508 | D:6      | Reached XP level 5. HP: 46/50 MP: 5/5
   530 | D:5      | Found an opulent altar of Gozag.
   530 | D:5      | Found a radiant altar of Vehumet.
   577 | D:6      | Reached XP level 6. HP: 7/57 MP: 6/6
   581 | D:6      | HP: 2/57 [giant gecko (1)]
   653 | D:6      | Slain by a worker ant

Vault maps used:
D:1:      sevenhm_arrival_forest_fort_small_3, okawaru_ov_weapons_minmay
D:2:      lemuel_doored_altar, nicolae_overflow_hidden_temple, first_bread
D:4:      overflow_temple_1_default, nicolae_ru_path_of_blood
D:5:      lemuel_ratsnest, kennysheep_mini_moat,
          gammafunk_temple_overflow_elements, overflow_temple_1_default,
          kennysheep_cross_room
D:6:      serial_glass, glass_columns_a, glass_columns_c, glass_columns_a,
          glass_columns_b, glass_columns_a, glass_columns_a, glass_columns_b,
          glass_columns_b, glass_columns_b, glass_columns_b, feat_on_display,
          feat_on_display, feat_on_display, minmay_fountain_box,
          grunt_decor_one_mirror, uniq_blork_the_orc

Action                   |  1- 3 |  4- 6 || total
-------------------------+-------+-------++-------
Melee: Unarmed           |     1 |    58 ||    59
Throw: Tomahawk          |       |     2 ||     2
 Abil: Spit Poison       |     5 |    19 ||    24
Evoke: Wand              |       |     9 ||     9
  Use: Scroll            |     1 |       ||     1
       Potion            |       |     2 ||     2
